Map: Ruines d’Endion

Players

ebØLa

  • Race: Zerg Zerg
  • League: Gold
  • Spawn Location: 7:00

zidar - Winner!

  • Race: Zerg Zerg
  • League: Gold
  • Spawn Location: 5:00

VOD

Have the link to the VOD?

Description

Time

  • Played on: July 1, 2016, 11:55 a.m.
  • Length: 6:59
Show
View Real Time Build Order
Export as new Build Order

ebØLa Zerg 

Build Orders: Hatch First 

Get SALT Encoding   

  12  0:01  Drone  
  13  0:14  Overlord  
  13  0:17  Drone  
  14  0:32  Drone  
  14  0:33  Drone  
  16  0:52  Hatchery  
  16  0:53  Drone  
  16  0:58  Extractor  
  16  0:59  Drone  
  16  1:15  Spawning Pool  
  16  1:16  Drone  
  16  1:23  Drone x2  
  18  1:30  Drone  
  19  1:43  Overlord  
  19  2:03  Zergling x2  
  19  2:04  Queen  
  19  2:06  Metabolic Boost  
  19  2:08  Zergling x4  
  24  2:23  Zergling x2  
  24  2:24  Zergling x2  
  24  2:29  Zergling x4  
  28  2:38  Baneling Nest, Zergling x4  
  29  2:50  Zergling x2  
  29  2:51  Zergling x2  
  31  2:55  Queen  
  31  2:57  Zergling x2  
  34  3:08  Zergling x4  
  34  3:10  Overlord  
  36  3:39  Baneling x2  
  36  3:40  Baneling x4  
  36  3:44  Drone x5  
  36  3:45  Drone  
  42  3:51  Overlord  
  42  3:52  Drone  
  42  3:53  Drone  
  36  4:21  Drone x6  
  36  4:22  Drone x3  
  39  4:36  Zergling x2  
  39  4:37  Zergling x2  
  41  4:41  Lair, Extractor  
  41  4:43  Drone  
  41  4:44  Extractor  
  40  4:57  Roach Warren  
  40  4:59  Evolution Chamber, Drone x2  
  40  5:00  Drone  
  41  5:30  Drone x5  
  41  5:31  Drone x2  
  48  5:36  Queen  
  50  5:45  Roach, Overlord  
  49  5:54  Roach  
  49  5:55  Overlord x2, Zergling x2  
  49  5:56  Overlord  
  52  6:03  Overlord x2  
  52  6:04  Overlord  
  48  6:12  Spine Crawler  
  48  6:13  Spine Crawler  
  48  6:16  Spine Crawler  
  42  6:21  Zergling x4  
  42  6:22  Zergling x4  
  43  6:40  Zergling x2  
Show
View Real Time Build Order
Export as new Build Order

zidar Zerg - Winner!

Build Orders: Pool First 

Get SALT Encoding   

  12  0:01  Drone  
  13  0:12  Overlord  
  13  0:17  Drone  
  14  0:31  Drone x2  
  16  0:44  Spawning Pool  
  16  0:46  Drone  
  16  0:50  Extractor  
  16  0:51  Drone  
  16  1:17  Hatchery  
  15  1:21  Drone  
  17  1:40  Zergling x6  
  19  1:47  Queen  
  19  1:52  Drone  
  22  2:03  Overlord  
  22  2:25  Roach Warren, Queen  
  23  2:34  Drone x2  
  24  2:48  Drone  
  25  2:54  Drone x3  
  28  3:06  Spine Crawler  
  27  3:15  Roach x2  
  27  3:16  Roach  
  33  3:47  Overlord  
  33  3:53  Overlord x3  
  18  4:34  Roach  
  18  4:35  Roach x6  
  32  4:56  Queen  
  34  5:03  Ravager  
  34  5:05  Ravager  
  36  5:23  Drone x2  
  36  5:25  Drone  
  39  5:37  Drone  
  40  6:25  Roach x6  
Tags
 
Add a new tag
Caveats
  • Supply blocks, unpowered buildings, or Contaminate may cause inaccurate times.
  • Supply counts are checked every 10 seconds.